 Dungeon Crawl Stone Soup version 0.28.0-53-g5a82cb258f (webtiles) character file.

Game seed: 14702532657811386253

42 Ijustatesigmund the Stinger (level 3, -2/21 HPs)
             Began as an Octopode Venom Mage on July 19, 2022.
             Slain by Terence
             ... wielding a +0 falchion
              (10 damage)
             ... on level 2 of the Dungeon.
             The game lasted 00:03:23 (1319 turns).

Ijustatesigmund the Stinger (Octopode Venom Mage)   Turns: 1319, Time: 00:03:24

Health: -2/21      AC:  1    Str:  7    XL:     3   Next: 54%
Magic:  0/6        EV: 13    Int: 19    God:
Gold:   19         SH:  0    Dex: 12    Spells: 3/6 levels left

rFire   . . .      SeeInvis .   a - +0 short sword
rCold   . . .      Faith    .   (no shield)
rNeg    . . .      Spirit   .   (helmet restricted)
rPois   .          Reflect  .   (no amulet)
rElec   .          Harm     .   (no ring)
rCorr   .          Rampage  .   (no ring)
Will    .....                   (no ring)
Stlth   +++.......              (no ring)
HPRegen 0.07/turn               (no ring)
MPRegen 0.10/turn               (no ring)
                                (no ring)
                                (no ring)

@: no status effects
A: almost no armour, amphibious, 8 rings, camouflage 1, gelatinous body 1,
(nimble swimmer 1), tentacles
a: no special abilities


You were on level 2 of the Dungeon.
You visited 1 branch of the dungeon, and saw 2 of its levels.

You collected 19 gold pieces.

Inventory:

Hand Weapons
 a - a +0 short sword (weapon)


   Skills:
 - Level 2.0 Dodging
 - Level 2.6 Stealth
 - Level 2.0 Spellcasting
 + Level 2.2 Transmutations
 * Level 1.5 Air Magic
 + Level 4.1 Poison Magic


You had 3 spell levels left.
You knew the following spells:

 Your Spells              Type           Power      Damage    Failure   Level
a - Sting                 Tmut/Pois      56%        1d5       4%          1
b - Poisonous Vapours     Pois/Air       24%        N/A       8%          2

Your spell library contained the following spells:

 Spells                   Type           Power      Damage    Failure   Level
 Ignite Poison            Fire/Tmut/Pois 9%         N/A       22%         3
 Mephitic Cloud           Conj/Pois/Air  9%         N/A       24%         3
 Conjure Flame            Conj/Fire      1%         6-21      45%         3
 Olgreb's Toxic Radiance  Pois           17%        N/A       30%         4
 Sticky Flame             Conj/Fire      1%         2d3       86%         4


Dungeon Overview and Level Annotations

Branches:
Dungeon (2/15)

Altars:

Shops:
D:2 [

Annotations:
D:2 Terence


Innate Abilities, Weirdness & Mutations

You cannot wear most types of armour.
You are amphibious.
You can wear up to eight rings at the same time.
Your skin changes colour to match your surroundings (Stealth+).
Your rubbery body absorbs attacks. (AC +1, EV +1)
((You are camouflaged when in or above water. (Stealth+)))
You have tentacles for arms and can constrict up to eight enemies at once.


Message History

Casting: Sting (safe; 4% risk of failure)
Confirm with . or Enter, or press ? or * to list all spells.
You don't have enough magic to cast this spell.
You closely miss Terence. Your grab misses Terence. You squeeze Terence.
Terence is lightly wounded.
Terence barely misses you.
You hit Terence. You grab Terence.
Terence is moderately wounded.
You constrict Terence, but do no damage.
Terence barely misses you.
You hit Terence. You squeeze Terence.
Terence is moderately wounded.
You constrict Terence, but do no damage.
Terence hits you with a +0 falchion!
You hit Terence.
Terence is heavily wounded.
You constrict Terence. Terence hits you with a +0 falchion!
* * * LOW HITPOINT WARNING * * *
It was a potion of curing.
You feel better.
You constrict Terence. Terence misses you.
Casting: Sting (safe; 4% risk of failure)
Confirm with . or Enter, or press ? or * to list all spells.
Aiming: Sting (safe; 4% risk of failure)
Press: ? - help, Shift-Dir - straight line, f/p - Terence
Aim: Terence, wielding a +0 falchion and wearing a +0 scale mail (severely wounded, constricted by you, 100% to hit)
The sting hits Terence.
Terence is poisoned.
Terence is almost dead.
You constrict Terence, but do no damage.
Terence hits you with a +0 falchion.
You are too injured to fight recklessly!
You are too injured to fight recklessly!
You barely miss Terence.
Terence is almost dead.
You constrict Terence, but do no damage.
Terence screams, "I'm going to kill you!"
Terence misses you.
You hit Terence but do no damage. You squeeze Terence, but do no damage.
Terence is almost dead.
You constrict Terence. Terence hits you with a +0 falchion!
You die...

...#
...##
.... .
...##.#
.∩.....
.....
##†.###.#
#@†......
##@.###.#
.....
..###..
#.# .# .#
..


You could see Terence (poisoned).

Vanquished Creatures
  An adder (D:2)
  A dart slug (D:1)
  2 ball pythons (D:1)
  2 endoplasms (D:1)
  2 giant cockroaches (D:1)
  A goblin (D:1)
  A hobgoblin (D:2)
  6 jackals
  2 bats (D:1)
  4 frilled lizards
  5 kobolds (D:1)
  2 rats (D:1)
29 creatures vanquished.

Notes
Turn   | Place    | Note
-------+----------+-------------------------------------------
     0 | D:1      | Ijustatesigmund the Octopode Venom Mage began the quest for
                  | the Orb.
     0 | D:1      | Reached XP level 1. HP: 11/11 MP: 3/3
   188 | D:1      | Found a faded altar of an unknown god.
   329 | D:1      | Reached XP level 2. HP: 17/17 MP: 3/5
   338 | D:1      | Learned a level 2 spell: Poisonous Vapours
   560 | D:1      | Reached skill level 4 in Poison Magic
   959 | D:1      | Reached skill level 1 in Air Magic
  1095 | D:2      | Found Huemuuff's Antique Armour Shop.
  1105 | D:2      | Reached XP level 3. HP: 14/21 MP: 2/6
  1304 | D:2      | Noticed Terence
  1319 | D:2      | Slain by Terence

Illustrated notes

Levels and vault maps discovered:
D:1:      minmay_arrival_checkered_box, layout_basic,
          hellmonk_ecumenical_altar_leap_of_faith
D:2:      layout_basic, serial_shops, shop, kennysheep_generic_room_4,
          uniq_crazy_yiuf_cottage, uniq_terence

Skill      XL: |  1  2 |
---------------+-------+-----
Poison Magic   | 4 |  4.1
Transmutations | 2 |  2.2
Air Magic      | 1 |  1.5
Dodging        | |  2.0
Stealth        | |  2.6
Spellcasting   | |  2.0

Action                   || total
-------------------------++-------
Melee: Unarmed           ||     2
       Constrict         ||     7
       Short sword       ||    30
       Tentacles         ||     8
       Dagger            ||     2
 Cast: Sting             ||    27
       Poisonous Vapours ||    11
  Use: Scroll            ||     6
       Potion            ||     1
Armor: Skin              ||     3
Dodge: Dodged            ||    27
